Map: Waterfall

Players

Scarlett - Winner!

  • Race: Zerg Zerg
  • Spawn Location: 1:00

Geralt (Gerald)

  • Race: Protoss Protoss
  • League: Master
  • Spawn Location: 7:00

Event: HomeStory Cup XXII

VOD

Have the link to the VOD?

Description

Time

  • Played on: Dec. 17, 2022, 8:10 a.m.
  • Length: 16:20

All games in this series

Show
View Real Time Build Order
Export as new Build Order

Scarlett Zerg - Winner!

Build Orders: 3 Hatch before Pool, Lurkers 

Get SALT Encoding   

  12  0:00  Drone  
  13  0:12  Overlord  
  13  0:16  Drone  
  14  0:30  Drone x2  
  16  0:41  Drone  
  17  0:46  Drone  
  18  1:01  Hatchery  
  18  1:02  Drone  
  18  1:20  Hatchery  
  18  1:23  Drone  
  18  1:33  Extractor  
  18  1:38  Evolution Chamber  
  16  1:41  Drone  
  16  1:42  Evolution Chamber  
  16  1:46  Drone x2  
  20  2:03  Drone  
  20  2:06  Spawning Pool  
  20  2:09  Drone  
  21  2:23  Drone  
  21  2:29  Drone x3, Hatchery  
  24  2:35  Overlord  
  24  2:50  Overlord  
  24  2:53  Zergling x4  
  24  2:54  Queen  
  28  2:59  Queen  
  29  3:10  Metabolic Boost  
  29  3:13  Zergling x2  
  29  3:15  Zergling x2  
  29  3:18  Zergling x2  
  32  3:25  Zerg Melee Weapons Level 1  
  32  3:29  Zergling x2  
  32  3:32  Drone  
  34  3:41  Queen  
  36  3:50  Drone x3  
  39  3:58  Drone x3  
  39  4:02  Overlord  
  42  4:05  Overlord  
  42  4:08  Zergling x2  
  43  4:12  Drone x2  
  45  4:19  Zergling x2  
  45  4:22  Zergling x8  
  50  4:27  Zergling x4  
  52  4:35  Zergling x10  
  57  4:40  Overlord  
  55  4:56  Zergling x10  
  58  5:05  Zergling x10  
  63  5:08  Zergling x6  
  64  5:14  Zergling x4  
  64  5:16  Zergling x2  
  64  5:18  Baneling Nest  
  63  5:23  Zergling x4  
  62  5:29  Drone  
  62  5:32  Drone x3  
  66  5:37  Drone x5  
  66  5:40  Drone  
  70  5:44  Queen  
  69  5:50  Drone x3  
  68  5:58  Drone x5  
  68  6:02  Drone  
  74  6:05  Overlord  
  74  6:09  Spore Crawler  
  73  6:12  Overlord  
  73  6:13  Drone  
  72  6:23  Drone x2  
  74  6:26  Drone x2  
  74  6:27  Lair  
  74  6:30  Zergling x12, Zerg Missile Weapons Level 1  
  82  6:37  Drone  
  82  6:38  Drone x5  
  82  6:39  Spore Crawler  
  87  6:42  Drone  
  87  6:44  Baneling x4  
  88  6:54  Hatchery  
  88  6:57  Baneling  
  88  6:58  Drone x3  
  90  7:03  Extractor  
  90  7:04  Overlord x2  
  88  7:18  Zergling x2  
  88  7:19  Overlord  
  88  7:21  Queen  
  90  7:24  Drone x9  
  86  7:30  Zergling x2  
  81  7:37  Zergling x6  
  81  7:40  Zergling x6  
  87  7:46  Drone x2, Extractor  
  87  7:48  Hydralisk Den, Extractor  
  87  7:50  Extractor  
  85  7:53  Drone x4  
  85  7:57  Queen  
  85  7:58  Queen  
  91  8:01  Drone x2  
  91  8:03  Hatchery  
  91  8:04  Extractor  
  93  8:06  Queen  
  93  8:07  Drone x2  
  93  8:09  Centrifugal Hooks  
  93  8:10  Drone x7  
  104  8:14  Overlord  
  104  8:18  Overlord  
  104  8:20  Overlord  
  104  8:22  Grooved Spines  
  104  8:27  Overlord  
  104  8:28  Overlord  
  104  8:32  Zerg Melee Weapons Level 2  
  104  8:34  Zergling x8  
  108  8:41  Zergling x10  
  108  8:45  Zergling x10  
  116  8:49  Zergling x4  
  116  8:51  Zergling x4  
  116  8:52  Overseer  
  116  8:53  Pneumatized Carapace  
  116  8:55  Spore Crawler  
  119  8:57  Spore Crawler  
  119  8:58  Zergling x2  
  119  9:07  Drone x10  
  122  9:17  Drone x4  
  122  9:23  Hydralisk x7  
  126  9:33  Muscular Augments  
  126  9:36  Hydralisk x5  
  136  9:42  Hydralisk, Overlord  
  136  9:43  Hydralisk  
  140  9:49  Hydralisk  
  140  9:50  Overlord x3  
  142  9:55  Overlord x2  
  142  10:01  Zergling x2  
  142  10:02  Zergling x14  
  150  10:07  Spine Crawler  
  150  10:08  Drone, Overlord x2  
  150  10:16  Hydralisk x4, Drone x2  
  150  10:20  Overseer  
  160  10:23  Baneling  
  160  10:24  Baneling x9  
  160  10:26  Drone x4  
  164  10:33  Drone x4  
  168  10:37  Infestation Pit  
  168  10:38  Lurker Den  
  168  10:41  Baneling x6  
  166  10:45  Drone  
  166  10:46  Spore Crawler, Drone x5  
  166  10:47  Spine Crawler  
  170  10:50  Baneling x9  
  170  10:53  Zerg Missile Weapons Level 2  
  170  10:57  Zergling x12  
  176  11:05  Baneling x5  
  176  11:06  Zergling x8, Baneling  
  176  11:07  Zergling x6  
  183  11:11  Drone  
  183  11:12  Drone, Spine Crawler  
  183  11:13  Spine Crawler  
  183  11:19  Zergling x14  
  181  11:36  Hydralisk x6  
  181  11:39  Zergling x16  
  190  11:50  Hydralisk  
  190  11:51  Zergling x14  
  188  11:59  Hive  
  188  12:01  Baneling x6  
  187  12:03  Lurker x4  
  187  12:06  Drone x3, Extractor x2  
  187  12:07  Drone x3  
  195  12:09  Zergling x4  
  195  12:10  Overlord  
  195  12:11  Overseer x2  
  197  12:16  Extractor  
  197  12:17  Extractor  
  197  12:18  Drone x3, Spine Crawler x2  
  197  12:21  Spine Crawler  
  195  12:30  Lurker x2, Overlord  
  195  12:31  Overlord x4  
  197  12:44  Lurker x2  
  199  12:48  Hatchery  
  199  12:50  Unknown  
  197  12:57  Lurker  
  197  12:58  Lurker  
  199  13:15  Seismic Spines, Zerg Melee Weapons Level 3, Adrenal Glands  
  199  13:17  Evolution Chamber  
  198  13:23  Zergling x6  
  198  13:41  Zergling x14  
  195  13:56  Zergling x10  
  190  14:05  Zergling x28  
  182  14:10  Zergling x2  
  182  14:11  Zergling x16  
  182  14:12  Adaptive Talons  
  189  14:23  Zergling x22  
  199  14:25  Baneling x8  
  199  14:28  Overseer  
  199  14:29  Viper  
  184  14:39  Overseer x3  
  184  14:45  Zergling x12, Overseer  
  165  14:46  Zergling x14  
  170  14:55  Zergling x8  
  170  14:58  Lurker x4  
  170  14:59  Lurker x2  
  176  15:04  Zergling x12  
  175  15:10  Zergling x2  
  175  15:11  Zergling x8  
  164  15:16  Hydralisk  
  164  15:17  Zergling x4  
  165  15:24  Baneling x6  
  165  15:25  Zergling x8, Baneling  
  169  15:29  Zergling x8  
  169  15:35  Zergling x2, Ultralisk Cavern  
  173  15:37  Baneling x9  
  173  15:41  Zergling x10  
  175  15:54  Zergling x18  
  166  16:02  Zergling x8  
  166  16:03  Zergling x16  
Show
View Real Time Build Order
Export as new Build Order

Geralt Protoss 

Build Orders: Oracle Opening 

Get SALT Encoding   

  12  0:00  Probe  
  13  0:12  Probe  
  14  0:18  Pylon  
  14  0:24  Probe (Chrono Boost)  
  15  0:37  Probe (Chrono Boost)  
  15  0:39  Gateway  
  16  0:45  Probe (Chrono Boost)  
  17  0:51  Probe  
  17  0:54  Assimilator  
  18  1:03  Probe  
  19  1:16  Probe  
  20  1:28  Probe, Cybernetics Core  
  21  1:40  Probe  
  22  1:48  Pylon  
  22  2:06  Nexus, Probe  
  23  2:09  Adept (Chrono Boost)  
  25  2:18  Assimilator  
  25  2:21  Probe  
  26  2:30  Adept (Chrono Boost)  
  26  2:35  Warp Gate  
  26  2:36  Probe  
  29  2:48  Probe  
  30  3:10  Probe, Stargate  
  31  3:17  Pylon  
  31  3:18  Stalker  
  33  3:25  Probe x2  
  35  3:36  Gateway  
  35  3:37  Probe x2  
  37  3:49  Probe x2  
  37  3:52  Oracle (Chrono Boost)  
  42  4:01  Probe x2  
  44  4:03  Twilight Council  
  44  4:08  Pylon  
  44  4:13  Probe x2  
  44  4:14  Pylon  
  46  4:25  Probe x2  
  46  4:31  Gateway x2  
  48  4:33  Adept x2  
  48  4:34  Pylon  
  52  4:50  Nexus  
  52  4:57  Resonating Glaives (Chrono Boost)  
  49  5:00  Oracle (Chrono Boost)  
  49  5:04  Gateway  
  49  5:05  Adept  
  52  5:09  Shield Battery  
  52  5:10  Adept, Probe  
  53  5:15  Probe  
  53  5:18  Gateway  
  53  5:20  Pylon  
  54  5:23  Probe  
  49  5:30  Adept x2  
  49  5:31  Adept  
  53  5:35  Adept  
  53  5:36  Probe  
  52  5:44  Probe, Gateway  
  52  5:47  Gateway  
  51  5:53  Adept x3  
  57  6:00  Adept  
  57  6:02  Probe  
  60  6:06  Assimilator x2  
  60  6:13  Nexus  
  60  6:14  Probe, Pylon  
  60  6:17  Sentry  
  60  6:18  Adept x2  
  66  6:26  Pylon  
  66  6:28  Adept x2  
  66  6:30  Probe  
  71  6:33  Probe  
  72  6:42  Adept, Shield Battery, Probe  
  72  6:45  Probe  
  76  6:52  Blink (Chrono Boost)  
  76  6:55  Probe  
  76  6:57  Probe  
  78  7:02  Adept  
  78  7:07  Probe  
  81  7:08  Dark Shrine  
  81  7:09  Probe  
  82  7:19  Probe  
  82  7:21  Probe  
  72  7:31  Probe  
  72  7:32  Probe  
  72  7:33  Probe  
  65  7:38  Stalker x7  
  65  7:42  Pylon  
  65  7:43  Probe  
  80  7:45  Probe  
  81  7:52  Probe  
  81  7:55  Probe  
  81  7:57  Probe  
  81  7:58  Gateway  
  84  8:00  Assimilator  
  84  8:02  Gateway  
  84  8:06  Probe  
  84  8:07  Gateway  
  84  8:09  Assimilator  
  85  8:16  Stalker x2  
  85  8:17  Stalker x3  
  95  8:30  Dark Templar x2  
  99  8:35  Nexus  
  99  8:37  Pylon  
  99  8:43  Forge  
  99  8:45  Dark Templar x2  
  99  8:46  Pylon  
  103  8:57  Stalker x2  
  103  8:58  Stalker x2  
  103  8:59  Probe  
  103  9:01  Probe  
  113  9:05  Zealot x2  
  113  9:06  Probe  
  116  9:11  Probe  
  116  9:13  Zealot  
  117  9:22  Stalker  
  117  9:23  Stalker  
  107  9:25  Stalker x3  
  107  9:28  Shield Battery  
  111  9:32  Probe  
  111  9:34  Probe  
  111  9:35  Protoss Ground Weapons Level 1 (Chrono Boost)  
  113  9:40  Dark Templar x2  
  113  9:41  Probe  
  113  9:44  Probe  
  117  9:46  Probe  
  117  9:49  Pylon  
  117  9:51  Probe (Chrono Boost)  
  117  9:52  Pylon  
  119  9:55  Dark Templar  
  119  9:56  Archon, Probe (Chrono Boost), Assimilator  
  122  10:00  Assimilator  
  122  10:01  Probe x2 (Chrono Boost), Pylon  
  122  10:04  Dark Templar  
  127  10:09  Robotics Facility  
  127  10:11  Probe (Chrono Boost)  
  127  10:12  Probe (Chrono Boost)  
  128  10:15  Robotics Facility  
  128  10:17  Archon, Forge  
  128  10:20  Oracle (Chrono Boost)  
  128  10:22  Probe  
  128  10:26  Probe  
  128  10:27  Dark Templar x2  
  128  10:28  Probe  
  138  10:30  Probe  
  138  10:34  Photon Cannon  
  138  10:35  Pylon  
  139  10:37  Archon  
  139  10:38  Dark Templar x2  
  143  10:44  Pylon  
  143  10:51  Archon  
  143  10:52  Probe  
  143  10:54  Probe  
  145  10:57  Nexus  
  145  10:59  Protoss Ground Armor Level 1 (Chrono Boost)  
  145  11:01  Charge (Chrono Boost)  
  145  11:02  Immortal (Chrono Boost)  
  149  11:05  Immortal (Chrono Boost)  
  149  11:06  Dark Templar x2  
  149  11:11  Archon  
  153  11:15  Robotics Bay  
  153  11:18  Pylon  
  153  11:19  Pylon  
  153  11:26  Stalker x3  
  153  11:30  Stalker x4  
  153  11:31  Probe  
  158  11:35  Stalker  
  158  11:36  Probe  
  128  11:56  Probe (Chrono Boost)  
  128  11:58  Probe (Chrono Boost)  
  130  12:04  Probe x2 (Chrono Boost)  
  130  12:06  Gateway  
  130  12:07  Robotics Facility, Probe (Chrono Boost)  
  131  12:10  Disruptor (Chrono Boost)  
  134  12:17  Stalker  
  134  12:18  Stalker x9  
  134  12:20  Probe  
  134  12:21  Probe  
  156  12:24  Protoss Ground Weapons Level 2 (Chrono Boost)  
  156  12:28  Pylon  
  157  12:36  Pylon  
  156  12:40  Disruptor  
  159  12:44  Pylon  
  159  12:54  Pylon  
  159  12:57  Templar Archives, Pylon  
  159  12:58  Pylon  
  159  13:02  Pylon  
  159  13:03  Stalker x6  
  159  13:04  Stalker  
  172  13:12  Robotics Facility  
  172  13:16  Disruptor  
  175  13:22  Pylon  
  167  13:40  Stalker  
  167  13:41  Stalker x2  
  159  13:51  Probe  
  159  13:52  Disruptor  
  159  13:53  Stalker  
  159  13:54  Stalker x3  
  159  13:55  Zealot, Stalker x2  
  162  13:56  Probe  
  145  14:10  Zealot x3  
  145  14:12  Probe  
  145  14:15  Observer  
  151  14:21  Zealot x7  
  156  14:27  Disruptor  
  129  14:56  Zealot x9  
  134  15:01  Probe  
  134  15:03  Disruptor  
  134  15:04  Probe  
  124  15:16  High Templar x3  
  124  15:17  High Templar  
  124  15:20  Archon x2  
  132  15:27  Pylon  
Tags
 
Add a new tag
Caveats
  • Supply blocks, unpowered buildings, or Contaminate may cause inaccurate times.
  • Supply counts are checked every 10 seconds.